Canadiens vs Avalanche
Created - April 8, 2024 at 19:30
Goals
|
| Canadiens |
1 |
0 |
1 |
1 |
3 |
| Avalanche |
0 |
2 |
0 |
0 |
2 |
|
Shots
|
| Canadiens |
11 |
18 |
11 |
1 |
41 |
| Avalanche |
6 |
21 |
4 |
1 |
32 |
|
1st period
1. Canadiens , Chris Kreider 34 (Mika Zibanejad 56, David Pastrnak 46) at 14:28
Penalties :
Brent Burns (Mon) for Hooking (Minor) at 9:27
2nd period
2. Avalanche , Kyle Turris 6 (David Rundblad 19, Jarred Tinordi 3) at 8:45
3. Avalanche , Kyle Clifford 24 (Ryan O'Reilly 29, Jacob Slavin 23) at 9:19
Penalties :
Bryan Little (Col) for Hooking (Minor) at 11:16
3rd period
4. Canadiens , Rasmus Ristolainen 12 (Mika Zibanejad 57) at 9:35 (PP)
Penalties :
James Van Riemsdyk (Col) for Hooking (Minor) at 0:03, Sean Zimmerman (Mon) for Holding (Minor) at 2:35, Patric Hornqvist (Col) for Slashing (Minor) at 9:17, Patric Hornqvist (Col) for Hooking (Minor) at 14:10
Overtime #1
5. Canadiens , David Pastrnak 35 (Mika Zibanejad 58) at 2:31
Penalties :
No Penalty
Goalie Stats
Andrei Vasilevskiy (Mon), 30 saves from 32 shots - (0.938), W, 21-16-3, 62:31 minutes
Marek Mazanek (Col), 38 saves from 41 shots - (0.927), OTL, 13-18-5, 62:31 minutes
Players Stats for Canadiens
Player Name G A P +/- PIM S H SB GA TA FO MP PP MP PK MP
------------------------------------------------------------------------------------
Alexandre Grenier 0 0 0 0 0 1 0 0 0 0 0/0 7:53 0:00 0:00
Artemi Panarin 0 0 0 1 0 5 4 0 1 1 2/4 19:39 2:44 2:10
Brandon Bollig 0 0 0 -1 0 0 1 0 0 0 0/0 12:56 0:00 1:08
Brent Burns 0 0 0 1 2 1 0 1 0 0 0/0 19:55 2:43 0:53
Brian Dumoulin 0 0 0 0 0 1 1 0 1 2 0/0 16:39 2:43 1:44
Cam Fowler 0 0 0 -2 0 0 3 2 0 3 0/0 28:21 3:32 2:24
Chris Kreider 1 0 1 1 0 3 1 0 0 0 2/4 23:58 3:31 2:07
Cody Eakin 0 0 0 -1 0 2 0 0 0 0 5/10 12:04 0:00 0:20
Corban Knight 0 0 0 0 0 1 0 1 0 0 0/1 7:42 0:00 0:00
David Pastrnak 1 1 2 0 0 5 2 0 0 1 0/0 22:31 3:31 1:01
Jiri Sekac 0 0 0 0 0 1 2 0 0 0 0/1 7:24 0:00 0:09
Jordan Szwarz 0 0 0 0 0 3 1 1 1 0 0/0 16:44 2:44 0:00
Justin Schultz 0 0 0 1 0 2 1 1 1 1 0/0 17:28 0:00 0:41
Marcus Kruger 0 0 0 -1 0 1 1 0 1 0 1/1 11:41 0:00 0:00
Mika Zibanejad 0 3 3 0 0 4 2 0 0 0 20/33 22:11 3:31 1:01
Rasmus Ristolainen 1 0 1 -1 0 8 3 0 1 0 0/0 28:54 3:32 2:14
Sean Zimmerman 0 0 0 0 2 2 0 0 0 0 0/0 11:17 0:00 0:00
Vincent Trocheck 0 0 0 0 0 1 0 0 0 0 5/9 16:16 2:44 0:00
Players Stats for Avalanche
Player Name G A P +/- PIM S H SB GA TA FO MP PP MP PK MP
------------------------------------------------------------------------------------
Andrei Kuzmenko 0 0 0 0 0 3 1 0 3 0 0/0 17:42 1:56 0:00
Bryan Little 0 0 0 -1 2 2 3 1 0 0 10/22 19:38 1:59 2:07
Cory Emmerton 0 0 0 0 0 2 2 0 0 0 5/11 12:33 0:03 1:41
Daniel Carr 0 0 0 1 0 0 1 0 0 2 0/0 9:16 0:03 1:03
David Rundblad 0 1 1 0 0 3 0 2 0 0 0/0 18:55 2:18 3:19
Erik Karlsson 0 0 0 1 0 5 2 1 2 0 0/0 19:52 2:18 0:54
Jack Johnson 0 0 0 -1 0 0 1 0 1 1 0/0 24:53 1:40 2:34
Jacob Slavin 0 1 1 1 0 2 1 0 0 1 0/0 23:49 1:40 3:04
James Van Riemsdyk 0 0 0 0 2 1 2 0 0 0 2/2 13:09 1:59 0:56
Jarred Tinordi 0 1 1 0 0 0 1 1 0 0 0/0 13:29 0:00 0:22
Kyle Clifford 1 0 1 0 0 2 1 0 1 0 1/2 19:21 0:00 1:46
Kyle Turris 1 0 1 1 0 2 0 0 0 0 0/1 7:11 0:00 0:09
Nathan Horton 0 0 0 1 0 1 1 0 0 0 0/0 8:11 0:03 0:00
Patric Hornqvist 0 0 0 -1 4 3 0 0 0 0 0/1 17:59 1:59 0:00
Rickard Rakell 0 0 0 0 0 0 2 1 1 0 0/0 21:39 1:56 2:30
Ryan Hartman 0 0 0 0 0 1 3 0 0 1 0/0 11:01 0:00 0:00
Ryan O'Reilly 0 1 1 0 0 5 2 0 0 0 10/24 21:03 1:56 2:18
Vladislav Gavrikov 0 0 0 0 0 0 0 2 0 1 0/0 21:33 0:00 2:17
3 Stars
1 - David Pastrnak (Mon)
2 - Mika Zibanejad (Mon)
3 - Chris Kreider (Mon)
Power Play
Canadiens - 1 on 4 Attempt(s) - 25.00%
Avalanche - 0 on 2 Attempt(s) - 0.00%
Penalty Kill
Canadiens - 2 on 2 Attempt(s) - 100.00%
- Score 0 goal in Penalty Kill
Avalanche - 3 on 4 Attempt(s) - 75.00%
- Score 0 goal in Penalty Kill
Team Stat
Canadiens - Hits : 22 - Faceoff Wins : 35 - Blocked Shots : 6 - Penalty Minutes : 4
Avalanche - Hits : 23 - Faceoff Wins : 28 - Blocked Shots : 8 - Penalty Minutes : 8
Official
Referees : Kelly Sutherland and Ghislain Hebert
Linesman : Pierre Racicot and Jonny Murray
Game Notes
No Game Note
Finance
Level 1 -- Attendance: 6000 (100.00%) -- Ticket Income $600,000
Level 2 -- Attendance: 4762 (95.24%) -- Ticket Income $285,720
Level 3 -- Attendance: 1781 (89.05%) -- Ticket Income $62,335
Level 4 -- Attendance: 3651 (91.28%) -- Ticket Income $91,275
Luxury Box -- Attendance: 856 (85.60%) -- Ticket Income $171,200
Game was played at the Pepsi Center.
Total Attendance: 17050 (94.72%)
Total Ticket Income: $1,210,530
Other Income: $181,580
Total Income: $1,392,110
Canadiens
5 vs 5 Forward
Center Left Wing Right Wing Time % Phy DF OF
1 Mika Zibanejad Chris Kreider David Pastrnak 40 0 2 3
2 Vincent Trocheck Artemi Panarin Jordan Szwarz 30 0 2 3
3 Cody Eakin Brandon Bollig Marcus Kruger 20 0 2 3
4 Corban Knight Jiri Sekac Alexandre Grenier 10 0 2 3
5 vs 5 Defense
Defense Defense Time % Phy DF OF
1 Rasmus Ristolainen Cam Fowler 40 0 2 3
2 Brent Burns Justin Schultz 30 0 2 3
3 Sean Zimmerman Brian Dumoulin 20 0 2 3
4 Rasmus Ristolainen Cam Fowler 10 0 2 3
PowerPlay Forward
Center Left Wing Right Wing Time % Phy DF OF
1 Mika Zibanejad Chris Kreider David Pastrnak 60 0 1 4
2 Vincent Trocheck Artemi Panarin Jordan Szwarz 40 0 1 4
PowerPlay Defense
Defense Defense Time % Phy DF OF
1 Rasmus Ristolainen Cam Fowler 60 0 1 4
2 Brian Dumoulin Brent Burns 40 0 1 4
Penalty Kill 4 Players Forward
Center Wing Time % Phy DF OF
1 Chris Kreider Artemi Panarin 60 1 2 2
2 Mika Zibanejad David Pastrnak 40 1 2 2
Penalty Kill 4 Players Defense
Defense Defense Time % Phy DF OF
1 Rasmus Ristolainen Cam Fowler 60 1 2 2
2 Brian Dumoulin Brent Burns 40 1 2 2
Penalty Kill - 3 Players Forward
Forward Time % Phy DF OF
1 Chris Kreider 60 0 3 2
2 Artemi Panarin 40 0 3 2
Penalty Kill - 3 Players Defense
Defense Defense Time % Phy DF OF
1 Rasmus Ristolainen Cam Fowler 60 0 3 2
2 Brian Dumoulin Brent Burns 40 0 3 2
4 vs 4 Forward
Center Wing Time % Phy DF OF
1 Chris Kreider Artemi Panarin 60 0 2 3
2 Mika Zibanejad David Pastrnak 40 0 2 3
4 vs 4 Defense
Defense Defense Time % Phy DF OF
1 Rasmus Ristolainen Cam Fowler 60 0 2 3
2 Brian Dumoulin Brent Burns 40 0 2 3
Last Minutes Offensive
Center Left Wing Right Wing Defense Defense
Mika Zibanejad Chris Kreider David Pastrnak Rasmus Ristolainen Cam Fowler
Last Minutes Defensive
Center Left Wing Right Wing Defense Defense
Mika Zibanejad Chris Kreider David Pastrnak Rasmus Ristolainen Cam Fowler
Goaltenders
Starting : Andrei Vasilevskiy
Backup : Robin Lehner
Extra Forwards
Normal : Jordan Szwarz, Cody Eakin, Brandon Bollig - PP : Jordan Szwarz, Cody Eakin - PK : Brandon Bollig
Extra Defensemen
Normal : Sean Zimmerman, Justin Schultz, Brian Dumoulin - PP : Sean Zimmerman - PK : Justin Schultz, Brian Dumoulin
Penalty Shots
Chris Kreider, Artemi Panarin, Mika Zibanejad, David Pastrnak, Marcus Kruger
Custom OT Lines Forwards
Chris Kreider, Artemi Panarin, Mika Zibanejad, David Pastrnak, Marcus Kruger, Jordan Szwarz, Vincent Trocheck, Cody Eakin, Brandon Bollig, Corban Knight
Custom OT Lines Defensemen
Rasmus Ristolainen, Cam Fowler, Brian Dumoulin, Brent Burns, Sean Zimmerman
Scratches
None
Avalanche
5 vs 5 Forward
Center Left Wing Right Wing Time % Phy DF OF
1 Ryan O'Reilly Kyle Clifford Rickard Rakell 34 0 2 3
2 Bryan Little Andrei Kuzmenko Patric Hornqvist 34 0 2 3
3 Cory Emmerton James Van Riemsdyk Ryan Hartman 25 0 2 3
4 Kyle Turris Daniel Carr Nathan Horton 7 1 3 1
5 vs 5 Defense
Defense Defense Time % Phy DF OF
1 Jacob Slavin Erik Karlsson 39 1 2 2
2 Jack Johnson Vladislav Gavrikov 36 1 2 2
3 David Rundblad Jarred Tinordi 25 1 3 1
4 David Rundblad Jarred Tinordi 0 0 5 0
PowerPlay Forward
Center Left Wing Right Wing Time % Phy DF OF
1 Ryan O'Reilly Andrei Kuzmenko Rickard Rakell 50 0 1 4
2 Bryan Little James Van Riemsdyk Patric Hornqvist 50 0 1 4
PowerPlay Defense
Defense Defense Time % Phy DF OF
1 Erik Karlsson David Rundblad 50 0 2 3
2 Jack Johnson Jacob Slavin 50 0 2 3
Penalty Kill 4 Players Forward
Center Wing Time % Phy DF OF
1 Bryan Little Rickard Rakell 50 1 3 1
2 Ryan O'Reilly Kyle Clifford 50 1 3 1
Penalty Kill 4 Players Defense
Defense Defense Time % Phy DF OF
1 Jacob Slavin Jack Johnson 50 1 3 1
2 David Rundblad Vladislav Gavrikov 50 1 3 1
Penalty Kill - 3 Players Forward
Forward Time % Phy DF OF
1 Kyle Clifford 55 1 4 0
2 Rickard Rakell 45 1 4 0
Penalty Kill - 3 Players Defense
Defense Defense Time % Phy DF OF
1 Jacob Slavin David Rundblad 50 1 4 0
2 Jack Johnson Vladislav Gavrikov 50 1 4 0
4 vs 4 Forward
Center Wing Time % Phy DF OF
1 Ryan O'Reilly Rickard Rakell 50 1 2 2
2 Bryan Little Kyle Clifford 50 1 2 2
4 vs 4 Defense
Defense Defense Time % Phy DF OF
1 Jacob Slavin David Rundblad 55 1 2 2
2 Jack Johnson Vladislav Gavrikov 45 1 2 2
Last Minutes Offensive
Center Left Wing Right Wing Defense Defense
Bryan Little Andrei Kuzmenko Patric Hornqvist Erik Karlsson Jacob Slavin
Last Minutes Defensive
Center Left Wing Right Wing Defense Defense
Ryan O'Reilly Kyle Clifford Rickard Rakell Jacob Slavin Jack Johnson
Goaltenders
Starting : Marek Mazanek
Backup : Semyon Varlamov
Extra Forwards
Normal : Ryan Hartman, Ryan O'Reilly, Andrei Kuzmenko - PP : Andrei Kuzmenko, Ryan O'Reilly - PK : Ryan O'Reilly
Extra Defensemen
Normal : Vladislav Gavrikov, Jacob Slavin, Jarred Tinordi - PP : Vladislav Gavrikov - PK : Jacob Slavin, Jack Johnson
Penalty Shots
Andrei Kuzmenko, Patric Hornqvist, Kyle Turris, Bryan Little, Kyle Clifford
Custom OT Lines Forwards
Bryan Little, Patric Hornqvist, Kyle Clifford, Andrei Kuzmenko, Rickard Rakell, Ryan O'Reilly, Ryan Hartman, James Van Riemsdyk, Kyle Turris, Daniel Carr
Custom OT Lines Defensemen
Jacob Slavin, Jack Johnson, David Rundblad, Vladislav Gavrikov, Erik Karlsson
Scratches
Jean-Gabriel Pageau (Strained Right Elbow Injury), Joel Edmundson (Healthy), Luke Witkowski (Healthy), Stefan Elliott (Broken Bone (Left Foot) Injury), Tobias Enstrom (Healthy)
% Time on Ice - Canadiens
Lines # - Real PCT - Wanted PCT - Time Play
Normal Forward
1 - 34% - 40% - 16:49
2 - 29% - 30% - 14:30
3 - 23% - 20% - 11:13
4 - 15% - 10% - 7:15
Normal Defense
1 - 39% - 40% - 19:10
2 - 33% - 30% - 16:38
3 - 23% - 20% - 11:17
4 - 5% - 10% - 2:42
PP Forward
1 - 56% - 60% - 3:31
2 - 44% - 40% - 2:44
PP Defense
1 - 57% - 60% - 3:32
2 - 43% - 40% - 2:43
PK Forward
1 - 74% - 60% - 2:57
2 - 26% - 40% - 1:01
PK Defense
1 - 56% - 60% - 2:14
2 - 44% - 40% - 1:44
PK3 Forward
1 - 0% - 60%
2 - 0% - 40%
PK3 Defense
1 - 0% - 60%
2 - 0% - 40%
44 Forward
1 - 0% - 60%
2 - 0% - 40%
44 Defense
1 - 0% - 60%
2 - 0% - 40%
Last Minute Offensive - 0:00
Last Minute Defensive - 0:00
Total
Forward - 60:00
Defense - 60:00
|
% Time on Ice - Avalanche
Lines # - Real PCT - Wanted PCT - Time Play
Normal Forward
1 - 35% - 34% - 17:33
2 - 30% - 34% - 15:04
3 - 21% - 25% - 10:13
4 - 14% - 7% - 6:57
Normal Defense
1 - 35% - 39% - 17:24
2 - 39% - 36% - 19:16
3 - 26% - 25% - 13:07
4 - 0% - 0% - 0:00
PP Forward
1 - 49% - 50% - 1:56
2 - 51% - 50% - 2:02
PP Defense
1 - 58% - 50% - 2:18
2 - 42% - 50% - 1:40
PK Forward
1 - 59% - 50% - 3:43
2 - 41% - 50% - 2:32
PK Defense
1 - 63% - 50% - 3:58
2 - 37% - 50% - 2:17
PK3 Forward
1 - 0% - 55%
2 - 0% - 45%
PK3 Defense
1 - 0% - 50%
2 - 0% - 50%
44 Forward
1 - 0% - 50%
2 - 0% - 50%
44 Defense
1 - 0% - 55%
2 - 0% - 45%
Last Minute Offensive - 0:00
Last Minute Defensive - 0:00
Total
Forward - 60:00
Defense - 60:00
|
Play-by-Play
1st period
0:01 of 1st period - Ryan O'Reilly wins face-off versus Mika Zibanejad in neutral zone.
2:53 of 1st period - Kyle Turris is hit by Rasmus Ristolainen and loses puck.
3:04 of 1st period - Alexandre Grenier is hit by Nathan Horton and loses puck.
3:55 of 1st period - Kyle Clifford is hit by Marcus Kruger and loses puck.
5:22 of 1st period - Ryan Hartman is hit by Mika Zibanejad.
5:36 of 1st period - Kyle Turris is hit by Cam Fowler.
5:42 of 1st period - Cody Eakin is hit by Daniel Carr and loses puck.
6:04 of 1st period - Off-side.
6:05 of 1st period - Mika Zibanejad wins face-off versus Ryan O'Reilly in neutral zone.
6:08 of 1st period - Kyle Clifford is hit by Mika Zibanejad and loses puck.
6:20 of 1st period - David Pastrnak is hit by Ryan O'Reilly and loses puck.
6:31 of 1st period - David Pastrnak is hit by James Van Riemsdyk and loses puck.
7:00 of 1st period - Wrist shot by Artemi Panarin.
7:00 of 1st period - Stopped by Marek Mazanek with a rebound.
7:02 of 1st period - Slapshot by Brent Burns.
7:02 of 1st period - Shot Blocked by Jarred Tinordi.
7:16 of 1st period - Brandon Bollig is hit by Kyle Clifford.
7:19 of 1st period - Off-side.
7:20 of 1st period - Ryan O'Reilly wins face-off versus Cody Eakin in neutral zone.
7:24 of 1st period - Icing by Sean Zimmerman.
7:25 of 1st period - Bryan Little wins face-off versus Cody Eakin in Canadiens zone.
7:28 of 1st period - Snap shot by Bryan Little.
7:28 of 1st period - Shot Misses the Net.
7:34 of 1st period - Slapshot by Cody Eakin.
7:34 of 1st period - Shot Blocked by Bryan Little.
7:36 of 1st period - Snap shot by Brandon Bollig.
7:36 of 1st period - Shot Misses the Net.
7:38 of 1st period - Slapshot by Sean Zimmerman.
7:38 of 1st period - Stopped by Marek Mazanek with a rebound.
7:40 of 1st period - Slapshot by Sean Zimmerman.
7:40 of 1st period - Shot Blocked by Vladislav Gavrikov.
7:42 of 1st period - Snap shot by Cody Eakin.
7:42 of 1st period - Stopped by Marek Mazanek without a rebound.
7:43 of 1st period - Mika Zibanejad wins face-off versus Ryan O'Reilly in Avalanche zone.
8:10 of 1st period - Rasmus Ristolainen is hit by Erik Karlsson and loses puck.
9:27 of 1st period - Minor Penalty to Brent Burns for Hooking.
9:28 of 1st period - Ryan O'Reilly wins face-off versus Chris Kreider in Canadiens zone.
9:40 of 1st period - Slapshot by Erik Karlsson.
9:40 of 1st period - Stopped by Andrei Vasilevskiy without a rebound.
9:41 of 1st period - Artemi Panarin wins face-off versus Bryan Little in Canadiens zone.
9:54 of 1st period - Slapshot by Jacob Slavin.
9:54 of 1st period - Deflect By Patric Hornqvist.
9:54 of 1st period - Stopped by Andrei Vasilevskiy with a rebound.
11:27 of 1st period - Penalty to Brent Burns is over, Brent Burns is back on ice.
11:38 of 1st period - David Rundblad is hit by Jiri Sekac and loses puck.
11:47 of 1st period - Slapshot by Alexandre Grenier.
11:47 of 1st period - Deflect By Corban Knight.
11:47 of 1st period - Shot Misses the Net.
11:47 of 1st period - Puck is out of play.
11:48 of 1st period - Cody Eakin wins face-off versus Cory Emmerton in Avalanche zone.
12:00 of 1st period - Jack Johnson is hit by Rasmus Ristolainen and loses puck.
12:20 of 1st period - Slapshot by Rasmus Ristolainen.
12:20 of 1st period - Stopped by Marek Mazanek without a rebound.
12:21 of 1st period - Bryan Little wins face-off versus Vincent Trocheck in Avalanche zone.
12:36 of 1st period - Slapshot by Brian Dumoulin.
12:36 of 1st period - Stopped by Marek Mazanek with a rebound.
12:54 of 1st period - Backhand shot by Ryan O'Reilly.
12:54 of 1st period - Stopped by Andrei Vasilevskiy without a rebound.
12:55 of 1st period - Mika Zibanejad wins face-off versus Ryan O'Reilly in Canadiens zone.
13:27 of 1st period - Snap shot by Rickard Rakell.
13:27 of 1st period - Shot Misses the Net.
13:29 of 1st period - Slapshot by Kyle Clifford.
13:29 of 1st period - Shot Misses the Net.
14:28 of 1st period - Slapshot by Chris Kreider.
14:28 of 1st period - Goal by Chris Kreider - Canadiens : 1 - Avalanche : 0.
14:29 of 1st period - Vincent Trocheck wins face-off versus Bryan Little in neutral zone.
14:56 of 1st period - Cam Fowler is hit by Ryan Hartman and loses puck.
15:45 of 1st period - Sean Zimmerman is hit by Bryan Little.
16:18 of 1st period - Snap shot by Artemi Panarin.
16:18 of 1st period - Shot Misses the Net.
16:30 of 1st period - Justin Schultz is hit by Jarred Tinordi and loses puck.
16:45 of 1st period - Wrist shot by David Pastrnak.
16:45 of 1st period - Stopped by Marek Mazanek with a rebound.
17:33 of 1st period - Slapshot by Ryan O'Reilly.
17:33 of 1st period - Stopped by Andrei Vasilevskiy without a rebound.
17:34 of 1st period - Vincent Trocheck wins face-off versus Ryan O'Reilly in Canadiens zone.
18:07 of 1st period - Snap shot by Mika Zibanejad.
18:07 of 1st period - Shot Misses the Net.
18:09 of 1st period - Backhand shot by Justin Schultz.
18:09 of 1st period - Stopped by Marek Mazanek with a rebound.
18:11 of 1st period - Slapshot by David Pastrnak.
18:11 of 1st period - Shot Misses the Net.
18:13 of 1st period - Slapshot by David Pastrnak.
18:13 of 1st period - Stopped by Marek Mazanek without a rebound.
18:14 of 1st period - Cody Eakin wins face-off versus Cory Emmerton in Avalanche zone.
18:46 of 1st period - Snap shot by David Pastrnak.
18:46 of 1st period - Shot Misses the Net.
18:48 of 1st period - Slapshot by Brian Dumoulin.
18:48 of 1st period - Deflect By Mika Zibanejad.
18:48 of 1st period - Stopped by Marek Mazanek with a rebound.
18:50 of 1st period - Slapshot by Sean Zimmerman.
18:50 of 1st period - Deflect By Kyle Clifford.
18:50 of 1st period - Stopped by Marek Mazanek with a rebound.
19:12 of 1st period - Wrist shot by Jacob Slavin.
19:12 of 1st period - Shot Blocked by Corban Knight.
19:16 of 1st period - Snap shot by Patric Hornqvist.
19:16 of 1st period - Stopped by Andrei Vasilevskiy without a rebound.
19:17 of 1st period - Artemi Panarin wins face-off versus Cory Emmerton in Canadiens zone.
19:50 of 1st period - Slapshot by Andrei Kuzmenko.
19:50 of 1st period - Stopped by Andrei Vasilevskiy without a rebound.
19:51 of 1st period - Ryan O'Reilly wins face-off versus Chris Kreider in Canadiens zone.
19:52 of 1st period - Snap shot by Kyle Clifford.
19:52 of 1st period - Deflect By Rickard Rakell.
19:52 of 1st period - Shot Misses the Net.
19:52 of 1st period - Puck is out of play.
19:53 of 1st period - Mika Zibanejad wins face-off versus Kyle Clifford in Canadiens zone.
Goals for this period are 1 for Canadiens vs 0 for Avalanche.
Shots for this period are 11 for Canadiens vs 6 for Avalanche.
2nd period
0:01 of 2nd period - Bryan Little wins face-off versus Vincent Trocheck in neutral zone.
0:06 of 2nd period - Slapshot by Bryan Little.
0:06 of 2nd period - Stopped by Andrei Vasilevskiy without a rebound.
0:07 of 2nd period - Vincent Trocheck wins face-off versus Bryan Little in Canadiens zone.
0:12 of 2nd period - Rasmus Ristolainen is hit by Andrei Kuzmenko and loses puck.
0:27 of 2nd period - Bryan Little is hit by Artemi Panarin and loses puck.
0:59 of 2nd period - Snap shot by Artemi Panarin.
0:59 of 2nd period - Stopped by Marek Mazanek without a rebound.
1:00 of 2nd period - Mika Zibanejad wins face-off versus Ryan O'Reilly in Avalanche zone.
1:17 of 2nd period - Backhand shot by David Pastrnak.
1:17 of 2nd period - Shot Blocked by Erik Karlsson.
1:37 of 2nd period - Slapshot by David Rundblad.
1:37 of 2nd period - Shot Misses the Net.
1:39 of 2nd period - Slapshot by David Rundblad.
1:39 of 2nd period - Stopped by Andrei Vasilevskiy without a rebound.
1:40 of 2nd period - Cory Emmerton wins face-off versus Cody Eakin in Canadiens zone.
1:48 of 2nd period - Off-side.
1:49 of 2nd period - Cody Eakin wins face-off versus Bryan Little in neutral zone.
1:51 of 2nd period - Off-side.
1:52 of 2nd period - Mika Zibanejad wins face-off versus Bryan Little in neutral zone.
2:05 of 2nd period - Snap shot by David Pastrnak.
2:05 of 2nd period - Stopped by Marek Mazanek with a rebound.
2:07 of 2nd period - Slapshot by Rasmus Ristolainen.
2:07 of 2nd period - Stopped by Marek Mazanek without a rebound.
2:08 of 2nd period - Cory Emmerton wins face-off versus Vincent Trocheck in Avalanche zone.
2:15 of 2nd period - Slapshot by Erik Karlsson.
2:15 of 2nd period - Stopped by Andrei Vasilevskiy with a rebound.
2:17 of 2nd period - Slapshot by Erik Karlsson.
2:17 of 2nd period - Stopped by Andrei Vasilevskiy with a rebound.
2:19 of 2nd period - Snap shot by Ryan Hartman.
2:19 of 2nd period - Stopped by Andrei Vasilevskiy with a rebound.
2:21 of 2nd period - Slapshot by Jacob Slavin.
2:21 of 2nd period - Stopped by Andrei Vasilevskiy without a rebound.
2:22 of 2nd period - Ryan O'Reilly wins face-off versus Mika Zibanejad in Canadiens zone.
2:33 of 2nd period - Wrist shot by Ryan O'Reilly.
2:33 of 2nd period - Stopped by Andrei Vasilevskiy without a rebound.
2:34 of 2nd period - Mika Zibanejad wins face-off versus Bryan Little in Canadiens zone.
2:34 of 2nd period - Mika Zibanejad is hit by Bryan Little.
2:42 of 2nd period - Snap shot by Chris Kreider.
2:42 of 2nd period - Stopped by Marek Mazanek with a rebound.
2:44 of 2nd period - Snap shot by Chris Kreider.
2:44 of 2nd period - Shot Misses the Net.
2:46 of 2nd period - Snap shot by Rasmus Ristolainen.
2:46 of 2nd period - Stopped by Marek Mazanek with a rebound.
2:48 of 2nd period - Snap shot by Mika Zibanejad.
2:48 of 2nd period - Shot Misses the Net.
2:50 of 2nd period - Slapshot by Rasmus Ristolainen.
2:50 of 2nd period - Stopped by Marek Mazanek with a rebound.
3:00 of 2nd period - Vincent Trocheck is hit by Rickard Rakell and loses puck.
3:25 of 2nd period - Vladislav Gavrikov is hit by Rasmus Ristolainen and loses puck.
3:36 of 2nd period - Marcus Kruger is hit by James Van Riemsdyk and loses puck.
3:51 of 2nd period - Snap shot by Cory Emmerton.
3:51 of 2nd period - Stopped by Andrei Vasilevskiy with a rebound.
3:53 of 2nd period - Snap shot by Jack Johnson.
3:53 of 2nd period - Deflect By Andrei Kuzmenko.
3:53 of 2nd period - Shot Blocked by Justin Schultz.
3:53 of 2nd period - Puck is out of play.
3:54 of 2nd period - Mika Zibanejad wins face-off versus Bryan Little in Canadiens zone.
4:11 of 2nd period - Wrist shot by Chris Kreider.
4:11 of 2nd period - Stopped by Marek Mazanek with a rebound.
4:48 of 2nd period - Off-side.
4:49 of 2nd period - Ryan O'Reilly wins face-off versus Mika Zibanejad in neutral zone.
5:06 of 2nd period - Wrist shot by Mika Zibanejad.
5:06 of 2nd period - Stopped by Marek Mazanek without a rebound.
5:07 of 2nd period - Cory Emmerton wins face-off versus Vincent Trocheck in Avalanche zone.
5:57 of 2nd period - Slapshot by Justin Schultz.
5:57 of 2nd period - Stopped by Marek Mazanek without a rebound.
5:58 of 2nd period - James Van Riemsdyk wins face-off versus Jiri Sekac in Avalanche zone.
6:59 of 2nd period - Slapshot by Chris Kreider.
6:59 of 2nd period - Shot Blocked by Vladislav Gavrikov.
7:40 of 2nd period - Justin Schultz is hit by Ryan Hartman and loses puck.
8:09 of 2nd period - Wrist shot by Jordan Szwarz.
8:09 of 2nd period - Shot Misses the Net.
8:43 of 2nd period - Wrist shot by David Rundblad.
8:43 of 2nd period - Stopped by Andrei Vasilevskiy with a rebound.
8:45 of 2nd period - Snap shot by Kyle Turris.
8:45 of 2nd period - Goal by Kyle Turris - Canadiens : 1 - Avalanche : 1.
8:46 of 2nd period - Chris Kreider wins face-off versus Ryan O'Reilly in neutral zone.
8:53 of 2nd period - Off-side.
8:54 of 2nd period - Mika Zibanejad wins face-off versus Ryan O'Reilly in neutral zone.
9:17 of 2nd period - Wrist shot by Kyle Clifford.
9:17 of 2nd period - Stopped by Andrei Vasilevskiy with a rebound.
9:19 of 2nd period - Wrist shot by Kyle Clifford.
9:19 of 2nd period - Goal by Kyle Clifford - Canadiens : 1 - Avalanche : 2.
9:20 of 2nd period - Mika Zibanejad wins face-off versus Bryan Little in neutral zone.
9:23 of 2nd period - Slapshot by Rasmus Ristolainen.
9:23 of 2nd period - Stopped by Marek Mazanek without a rebound.
9:24 of 2nd period - Bryan Little wins face-off versus Mika Zibanejad in Avalanche zone.
10:03 of 2nd period - Slapshot by Rasmus Ristolainen.
10:03 of 2nd period - Deflect By Vincent Trocheck.
10:03 of 2nd period - Stopped by Marek Mazanek without a rebound.
10:04 of 2nd period - Cory Emmerton wins face-off versus Cody Eakin in Avalanche zone.
10:06 of 2nd period - Icing by Erik Karlsson.
10:07 of 2nd period - Cody Eakin wins face-off versus Cory Emmerton in Avalanche zone.
10:08 of 2nd period - Wrist shot by Brandon Bollig.
10:08 of 2nd period - Shot Misses the Net.
10:18 of 2nd period - Snap shot by Cory Emmerton.
10:18 of 2nd period - Stopped by Andrei Vasilevskiy with a rebound.
10:20 of 2nd period - Slapshot by Jacob Slavin.
10:20 of 2nd period - Stopped by Andrei Vasilevskiy without a rebound.
10:21 of 2nd period - Mika Zibanejad wins face-off versus Bryan Little in Canadiens zone.
10:30 of 2nd period - Wrist shot by Andrei Kuzmenko.
10:30 of 2nd period - Shot Misses the Net.
10:32 of 2nd period - Slapshot by Erik Karlsson.
10:32 of 2nd period - Stopped by Andrei Vasilevskiy without a rebound.
10:33 of 2nd period - Ryan O'Reilly wins face-off versus Mika Zibanejad in Canadiens zone.
10:42 of 2nd period - Snap shot by Kyle Clifford.
10:42 of 2nd period - Shot Blocked by Cam Fowler.
11:00 of 2nd period - Vincent Trocheck is hit by Bryan Little.
11:10 of 2nd period - Snap shot by Artemi Panarin.
11:10 of 2nd period - Stopped by Marek Mazanek with a rebound.
11:16 of 2nd period - Minor Penalty to Bryan Little for Hooking.
11:17 of 2nd period - Mika Zibanejad wins face-off versus Ryan O'Reilly in Avalanche zone.
11:53 of 2nd period - Off-side.
11:54 of 2nd period - Vincent Trocheck wins face-off versus Ryan O'Reilly in neutral zone.
12:09 of 2nd period - Snap shot by Artemi Panarin.
12:09 of 2nd period - Deflect By Jordan Szwarz.
12:09 of 2nd period - Stopped by Marek Mazanek with a rebound.
13:16 of 2nd period - Penalty to Bryan Little is over, Bryan Little is back on ice.
14:37 of 2nd period - Rickard Rakell is hit by Brian Dumoulin and loses puck.
15:07 of 2nd period - Slapshot by Brian Dumoulin.
15:07 of 2nd period - Shot Misses the Net.
15:13 of 2nd period - Mika Zibanejad is hit by Cory Emmerton.
15:41 of 2nd period - Icing by Brent Burns.
15:42 of 2nd period - Vincent Trocheck wins face-off versus Kyle Turris in Canadiens zone.
16:09 of 2nd period - Jarred Tinordi is hit by Cam Fowler and loses puck.
16:16 of 2nd period - Snap shot by Daniel Carr.
16:16 of 2nd period - Shot Misses the Net.
16:18 of 2nd period - Slapshot by David Rundblad.
16:18 of 2nd period - Stopped by Andrei Vasilevskiy with a rebound.
17:04 of 2nd period - Snap shot by Nathan Horton.
17:04 of 2nd period - Deflect By Kyle Turris.
17:04 of 2nd period - Stopped by Andrei Vasilevskiy with a rebound.
17:06 of 2nd period - Slapshot by Jarred Tinordi.
17:06 of 2nd period - Shot Hit the Post.
17:08 of 2nd period - Slapshot by Jarred Tinordi.
17:08 of 2nd period - Shot Blocked by Jordan Szwarz.
17:10 of 2nd period - Snap shot by Nathan Horton.
17:10 of 2nd period - Stopped by Andrei Vasilevskiy without a rebound.
17:11 of 2nd period - Mika Zibanejad wins face-off versus Ryan O'Reilly in Canadiens zone.
17:47 of 2nd period - Wrist shot by Bryan Little.
17:47 of 2nd period - Stopped by Andrei Vasilevskiy with a rebound.
17:49 of 2nd period - Slapshot by Erik Karlsson.
17:49 of 2nd period - Deflect By Artemi Panarin.
17:49 of 2nd period - Stopped by Andrei Vasilevskiy with a rebound.
18:32 of 2nd period - Icing by Corban Knight.
18:33 of 2nd period - Bryan Little wins face-off versus Corban Knight in Canadiens zone.
19:06 of 2nd period - Snap shot by Jiri Sekac.
19:06 of 2nd period - Stopped by Marek Mazanek without a rebound.
19:07 of 2nd period - Mika Zibanejad wins face-off versus Ryan O'Reilly in Avalanche zone.
19:20 of 2nd period - Snap shot by Ryan O'Reilly.
19:20 of 2nd period - Stopped by Andrei Vasilevskiy without a rebound.
19:21 of 2nd period - Mika Zibanejad wins face-off versus Cory Emmerton in Canadiens zone.
19:28 of 2nd period - Slapshot by Rasmus Ristolainen.
19:28 of 2nd period - Stopped by Marek Mazanek without a rebound.
19:29 of 2nd period - Mika Zibanejad wins face-off versus Cory Emmerton in Avalanche zone.
19:34 of 2nd period - Slapshot by Rasmus Ristolainen.
19:34 of 2nd period - Stopped by Marek Mazanek without a rebound.
19:35 of 2nd period - Mika Zibanejad wins face-off versus Ryan O'Reilly in Avalanche zone.
19:35 of 2nd period - Rasmus Ristolainen is hit by Jack Johnson and loses puck.
19:44 of 2nd period - Snap shot by Mika Zibanejad.
19:44 of 2nd period - Stopped by Marek Mazanek without a rebound.
19:45 of 2nd period - Mika Zibanejad wins face-off versus Ryan O'Reilly in Avalanche zone.
19:48 of 2nd period - Snap shot by David Pastrnak.
19:48 of 2nd period - Shot Misses the Net.
19:50 of 2nd period - Snap shot by Mika Zibanejad.
19:50 of 2nd period - Shot Misses the Net.
19:52 of 2nd period - Snap shot by Mika Zibanejad.
19:52 of 2nd period - Shot Misses the Net.
19:54 of 2nd period - Snap shot by Mika Zibanejad.
19:54 of 2nd period - Stopped by Marek Mazanek with a rebound.
Goals for this period are 0 for Canadiens vs 2 for Avalanche.
Shots for this period are 18 for Canadiens vs 21 for Avalanche.
3rd period
0:01 of 3rd period - James Van Riemsdyk wins face-off versus Mika Zibanejad in neutral zone.
0:03 of 3rd period - Minor Penalty to James Van Riemsdyk for Hooking.
0:04 of 3rd period - Kyle Clifford wins face-off versus Mika Zibanejad in Avalanche zone.
0:58 of 3rd period - David Rundblad is hit by David Pastrnak.
1:58 of 3rd period - Bryan Little is hit by David Pastrnak and loses puck.
2:03 of 3rd period - Penalty to James Van Riemsdyk is over, James Van Riemsdyk is back on ice.
2:35 of 3rd period - Minor Penalty to Sean Zimmerman for Holding.
2:36 of 3rd period - Chris Kreider wins face-off versus Patric Hornqvist in Canadiens zone.
3:17 of 3rd period - Mika Zibanejad is hit by Erik Karlsson and loses puck.
4:35 of 3rd period - Penalty to Sean Zimmerman is over, Sean Zimmerman is back on ice.
4:47 of 3rd period - Jack Johnson is hit by Justin Schultz and loses puck.
6:53 of 3rd period - Kyle Clifford is hit by Jiri Sekac and loses puck.
7:12 of 3rd period - Erik Karlsson is hit by Artemi Panarin.
7:43 of 3rd period - Daniel Carr is hit by Brandon Bollig and loses puck.
7:48 of 3rd period - Slapshot by Rasmus Ristolainen.
7:48 of 3rd period - Deflect By Cody Eakin.
7:48 of 3rd period - Stopped by Marek Mazanek without a rebound.
7:49 of 3rd period - Marcus Kruger wins face-off versus Ryan O'Reilly in Avalanche zone.
8:33 of 3rd period - Wrist shot by Artemi Panarin.
8:33 of 3rd period - Stopped by Marek Mazanek without a rebound.
8:34 of 3rd period - Bryan Little wins face-off versus Mika Zibanejad in Avalanche zone.
9:12 of 3rd period - Snap shot by Jordan Szwarz.
9:12 of 3rd period - Stopped by Marek Mazanek without a rebound.
9:13 of 3rd period - Cody Eakin wins face-off versus Bryan Little in Avalanche zone.
9:17 of 3rd period - Minor Penalty to Patric Hornqvist for Slashing.
9:18 of 3rd period - Ryan O'Reilly wins face-off versus Mika Zibanejad in Avalanche zone.
9:35 of 3rd period - Slapshot by Rasmus Ristolainen.
9:35 of 3rd period - Goal by Rasmus Ristolainen - Canadiens : 2 - Avalanche : 2.
9:36 of 3rd period - Ryan O'Reilly wins face-off versus Mika Zibanejad in neutral zone.
9:42 of 3rd period - Cam Fowler is hit by Rickard Rakell and loses puck.
10:41 of 3rd period - Marcus Kruger is hit by Ryan Hartman and loses puck.
10:54 of 3rd period - Slapshot by David Pastrnak.
10:54 of 3rd period - Stopped by Marek Mazanek without a rebound.
10:55 of 3rd period - Ryan O'Reilly wins face-off versus Mika Zibanejad in Avalanche zone.
11:00 of 3rd period - Wrist shot by Ryan O'Reilly.
11:00 of 3rd period - Stopped by Andrei Vasilevskiy without a rebound.
11:01 of 3rd period - Bryan Little wins face-off versus Mika Zibanejad in Canadiens zone.
11:02 of 3rd period - Backhand shot by Patric Hornqvist.
11:02 of 3rd period - Stopped by Andrei Vasilevskiy with a rebound.
11:04 of 3rd period - Wrist shot by Andrei Kuzmenko.
11:04 of 3rd period - Stopped by Andrei Vasilevskiy with a rebound.
11:37 of 3rd period - Snap shot by James Van Riemsdyk.
11:37 of 3rd period - Stopped by Andrei Vasilevskiy with a rebound.
11:39 of 3rd period - Slapshot by Vladislav Gavrikov.
11:39 of 3rd period - Shot Blocked by Brent Burns.
11:55 of 3rd period - Wrist shot by David Pastrnak.
11:55 of 3rd period - Shot Hit the Post.
11:59 of 3rd period - Wrist shot by Artemi Panarin.
11:59 of 3rd period - Deflect By Jordan Szwarz.
11:59 of 3rd period - Stopped by Marek Mazanek with a rebound.
12:01 of 3rd period - Slapshot by Brent Burns.
12:01 of 3rd period - Stopped by Marek Mazanek with a rebound.
12:55 of 3rd period - Slapshot by Kyle Clifford.
12:55 of 3rd period - Shot Misses the Net.
13:01 of 3rd period - Slapshot by Cam Fowler.
13:01 of 3rd period - Shot Misses the Net.
13:51 of 3rd period - Snap shot by Marcus Kruger.
13:51 of 3rd period - Stopped by Marek Mazanek without a rebound.
13:52 of 3rd period - Bryan Little wins face-off versus Mika Zibanejad in Avalanche zone.
14:10 of 3rd period - Minor Penalty to Patric Hornqvist for Hooking.
14:11 of 3rd period - Mika Zibanejad wins face-off versus Bryan Little in Avalanche zone.
14:17 of 3rd period - Snap shot by David Pastrnak.
14:17 of 3rd period - Shot Blocked by David Rundblad.
14:43 of 3rd period - Jacob Slavin is hit by Jordan Szwarz.
15:44 of 3rd period - Erik Karlsson is hit by Artemi Panarin and loses puck.
16:10 of 3rd period - Penalty to Patric Hornqvist is over, Patric Hornqvist is back on ice.
16:24 of 3rd period - Marcus Kruger is hit by Jacob Slavin and loses puck.
16:55 of 3rd period - Wrist shot by Corban Knight.
16:55 of 3rd period - Stopped by Marek Mazanek with a rebound.
17:10 of 3rd period - Justin Schultz is hit by Cory Emmerton and loses puck.
17:32 of 3rd period - Rickard Rakell is hit by Artemi Panarin and loses puck.
18:02 of 3rd period - Jordan Szwarz is hit by Ryan O'Reilly and loses puck.
18:09 of 3rd period - Snap shot by Ryan O'Reilly.
18:09 of 3rd period - Shot Blocked by Cam Fowler.
18:15 of 3rd period - David Rundblad is hit by Cam Fowler and loses puck.
18:20 of 3rd period - Slapshot by Jordan Szwarz.
18:20 of 3rd period - Shot Blocked by Rickard Rakell.
18:22 of 3rd period - Snap shot by Artemi Panarin.
18:22 of 3rd period - Stopped by Marek Mazanek without a rebound.
18:23 of 3rd period - Cory Emmerton wins face-off versus Cody Eakin in Avalanche zone.
19:08 of 3rd period - Slapshot by Cody Eakin.
19:08 of 3rd period - Shot Blocked by David Rundblad.
19:10 of 3rd period - Snap shot by Alexandre Grenier.
19:10 of 3rd period - Stopped by Marek Mazanek with a rebound.
Goals for this period are 1 for Canadiens vs 0 for Avalanche.
Shots for this period are 11 for Canadiens vs 4 for Avalanche.
Overtime #1
0:01 of 1st overtime period - Bryan Little wins face-off versus Artemi Panarin in neutral zone.
0:32 of 1st overtime period - Wrist shot by Andrei Kuzmenko.
0:32 of 1st overtime period - Shot Misses the Net.
0:36 of 1st overtime period - Slapshot by Andrei Kuzmenko.
0:36 of 1st overtime period - Shot Misses the Net.
0:38 of 1st overtime period - Wrist shot by Andrei Kuzmenko.
0:38 of 1st overtime period - Stopped by Andrei Vasilevskiy without a rebound.
0:39 of 1st overtime period - Bryan Little wins face-off versus Artemi Panarin in Canadiens zone.
0:48 of 1st overtime period - Bryan Little is hit by Chris Kreider and loses puck.
1:15 of 1st overtime period - Snap shot by David Pastrnak.
1:15 of 1st overtime period - Shot Misses the Net.
2:29 of 1st overtime period - Icing by Jack Johnson.
2:30 of 1st overtime period - Mika Zibanejad wins face-off versus Bryan Little in Avalanche zone.
2:31 of 1st overtime period - Snap shot by David Pastrnak.
2:31 of 1st overtime period - Goal by David Pastrnak - Canadiens : 3 - Avalanche : 2.
Goals for this period are 1 for Canadiens vs 0 for Avalanche.
Shots for this period are 1 for Canadiens vs 1 for Avalanche.